 Dungeon Crawl Stone Soup version 0.20.1-1-g8b1a95d (webtiles) character file.

1283 Goboxel the Ogre Mage (level 8, -2/79 HPs)
             Began as an Ogre Fire Elementalist on Aug 12, 2017.
             Slain by a hound (5 damage)
             ... on level 6 of the Dungeon on Aug 13, 2017.
             The game lasted 00:18:43 (7209 turns).

Goboxel the Ogre Mage (Ogre Fire Elementalist)      Turns: 7209, Time: 00:18:43

Health: -2/79      AC:  6    Str: 13      XL:     8   Next: 55%
Magic:  16/16      EV: 10    Int: 18      God:
Gold:   51         SH:  0    Dex:  7 (9)  Spells: 12/18 levels left

rFire    . . .     SeeInvis .   l - +0 giant spiked club
rCold    . . .     Gourm    .   (shield currently unavailable)
rNeg     . . .     Faith    .   a - +0 robe
rPois    .         Spirit   .   (helmet restricted)
rElec    .         Reflect  .   p - +2 cloak
rCorr    .         Harm     .   (gloves unavailable)
MR       .....                  (boots unavailable)
Stlth    +.........             q - amulet of magic regeneration
Regen    0.3/turn               (no ring)
MPRegen  0.3/turn               (no ring)

@: no status effects
A: unfitting armour, tough skin 1
a: no special abilities


You were on level 6 of the Dungeon.
You were not hungry.

You visited 1 branch of the dungeon, and saw 6 of its levels.

You collected 147 gold pieces.
You spent 96 gold pieces at shops.

Inventory:

Hand Weapons
 l - a +0 giant spiked club (weapon)
 r - a +1 mace of holy wrath
Missiles
 f - 26 poisoned needles
Armour
 a - a +0 robe (worn)
 p - a +2 cloak (worn)
Jewellery
 q - an amulet of magic regeneration (around neck)
Wands
 j - a wand of polymorph (4/24)
 o - a wand of paralysis (16/24)
Scrolls
 g - 3 scrolls of recharging
 h - 6 scrolls of remove curse
 m - a scroll of blinking
 s - a scroll of fog
 t - a scroll of teleportation
 y - a scroll of magic mapping {unknown}
Potions
 d - 2 potions of berserk rage
 e - 2 potions of flight
 n - 3 potions of lignification
 u - a potion of curing
 v - 2 potions of heal wounds
 w - 2 potions of ambrosia {unknown}
 x - a potion of haste
Books
 b - a book of Flames

   Spells                             Type                      Level
   a - Flame Tongue                   Conjuration/Fire             1
   b - Throw Flame                    Conjuration/Fire             2
   c - Conjure Flame                  Conjuration/Fire             3
   d - Inner Flame                    Hexes/Fire                   3
   e - Sticky Flame                   Conjuration/Fire             4
   f - Fireball                       Conjuration/Fire             5
Comestibles
 c - 3 bread rations
 i - 3 royal jellies
 k - a meat ration
 z - 3 chunks of flesh


   Skills:
 - Level 4.6 Fighting
 + Level 3.1 Maces & Flails
 + Level 2.2 Dodging
 - Level 1.4 Stealth
 + Level 5.6 Spellcasting
 + Level 4.3 Conjurations
 + Level 5.3 Fire Magic


You had 12 spell levels left.
You knew the following spells:

 Your Spells              Type           Power        Failure   Level  Hunger
a - Flame Tongue          Conj/Fire      ###..        1%          1    None
b - Throw Flame           Conj/Fire      ###...       2%          2    None
c - Conjure Flame         Conj/Fire      ###.....     5%          3    ##.....


Dungeon Overview and Level Annotations

Branches:
Dungeon (6/15)
 Temple: D:4-7

Altars:
Ashenzari
Hepliaklqana
Nemelex Xobeh
Uskayaw
Xom
Zin

Shops:
D:4 *[%*   D:5 :

Annotations:
D:4 sheala's ghost, amateur DEEn
D:5 ANON1729's ghost, novice DrFE


Innate Abilities, Weirdness & Mutations

You are too large for most types of armour.
You have tough skin. (AC +1)


Message History

The hound closely misses you. The ogre closely misses you. The hound bites you.
You closely miss the ogre.
The ogre is almost dead.
The hound barely misses you. The ogre closely misses you.
The hound barely misses you. The ogre hits you with a giant club!
* * * LOW HITPOINT WARNING * * *
You hit the ogre.
The ogre is almost dead.
The hound bites you but does no damage. x2; The hound bites you.
* * * LOW HITPOINT WARNING * * *
The ogre hits you with a giant club!
* * * LOW HITPOINT WARNING * * *
Unknown command.
You sock the ogre!
You kill the ogre!
You feel your dexterity returning. The hound bites you.
* * * LOW HITPOINT WARNING * * *
The hound bites you but does no damage. The hound bites you.
You die...

#...#....####.#.##.. #
#..[.........#.###.
.#.##..#....####.......
...................###.
.............###.#.###.
.#.###.................
##.#.###.........#...###.
........)..........#.# #.
##......@............# #.
........h............# #.
.............#.#.....# #.
#....##..#...#.###...# #.
#.... #..#...#.# #...###.
.... ##..#...#####...##..
.... .......>..........##
................###.
.................##.


You could see a hound.

Vanquished Creatures
  An ice beast (D:5)
  An orc warrior (D:6)
  A black bear (D:6)
  2 ogres
  2 crimson imps
  A quasit (D:6)
  2 orc priests
  3 hounds
  Crazy Yiuf (D:2)
  Terence (D:1)
  3 iguanas
  Natasha (thrice) (D:2)
  3 orc wizards
  A worker ant (D:5)
  A howler monkey skeleton (D:5)
  10 adders
  4 oozes
  An adder skeleton (D:6)
  2 adder zombies (D:6)
  4 worms
  2 dart slugs
  3 leopard geckos
  28 orcs
  10 bats
  9 giant cockroaches
  10 goblins
  9 hobgoblins
  2 jackals (D:6)
  5 kobolds
  4 quokkas
  A ball python (D:1)
  5 frilled lizards
  A jackal zombie (D:6)
  A leopard gecko zombie (D:5)
  7 rats
144 creatures vanquished.

Notes
Turn   | Place    | Note
-------+----------+-------------------------------------------
     0 | D:1      | Goboxel the Ogre Fire Elementalist began the quest for the Orb.
     0 | D:1      | Reached XP level 1. HP: 16/16 MP: 3/3
    17 | D:1      | Reached skill level 1 in Conjurations
   219 | D:1      | Reached XP level 2. HP: 19/24 MP: 3/5
   252 | D:1      | Learned a level 2 spell: Throw Flame
   534 | D:1      | Reached XP level 3. HP: 32/32 MP: 2/7
   685 | D:1      | Reached skill level 1 in Fighting
   993 | D:2      | Noticed Terence
  1028 | D:1      | Killed Terence
  1028 | D:1      | Reached XP level 4. HP: 26/42 MP: 0/8
  1239 | D:2      | Found a runed door.
  1569 | D:2      | Learned a level 3 spell: Conjure Flame
  1677 | D:2      | Noticed Natasha
  1685 | D:2      | Killed Natasha
  1689 | D:2      | Noticed Natasha
  1692 | D:2      | Killed Natasha
  1692 | D:2      | Reached XP level 5. HP: 34/50 MP: 5/10
  1910 | D:2      | Noticed Natasha
  1923 | D:2      | Killed Natasha
  2213 | D:2      | Noticed Crazy Yiuf
  2219 | D:2      | Killed Crazy Yiuf
  2331 | D:3      | Found a sparkling altar of Nemelex Xobeh.
  2524 | D:3      | Found a glowing silver altar of Zin.
  2525 | D:3      | Found a hide-covered altar of Uskayaw.
  2534 | D:3      | Found a shimmering altar of Xom.
  2584 | D:3      | Reached XP level 6. HP: 57/61 MP: 6/11
  3256 | D:3      | Reached skill level 1 in Maces & Flails
  3350 | D:4      | Found Dicadden's General Store.
  3581 | D:4      | Reached XP level 7. HP: 68/70 MP: 1/13
  3721 | D:4      | Noticed sheala's ghost (amateur DEEn)
  4314 | D:4      | Found a hazy altar of Hepliaklqana.
  4335 | D:4      | Found Danan's Assorted Antiques.
  4351 | D:4      | Bought a scroll of identify for 48 gold pieces
  4351 | D:4      | Bought a scroll of identify for 48 gold pieces
  4359 | D:4      | Found a shattered altar of Ashenzari.
  4376 | D:4      | Found Vywobb's Food Emporium.
  4396 | D:4      | Found Ekelych's Armour Boutique.
  4781 | D:5      | Entered Level 5 of the Dungeon
  4865 | D:5      | Noticed ANON1729's ghost (novice DrFE)
  6259 | D:5      | Reached skill level 5 in Spellcasting
  6259 | D:5      | Reached XP level 8. HP: 41/79 MP: 1/15
  6439 | D:5      | Found Lymiarph's Book Shop.
  6720 | D:6      | Reached skill level 5 in Fire Magic
  7209 | D:6      | HP: 3/79 [hound (2)]
  7209 | D:6      | Slain by a hound

Skill      XL: |  1  2  3  4  5  6  7  8 |
---------------+-------------------------+-----
Conjurations   | 1 2 3 4 |  4.3
Fire Magic     | 3 4 5 |  5.3
Fighting       | 1 2 3 4 |  4.6
Spellcasting   | 3 4 5 |  5.6
Maces & Flails | 1 2 3 |  3.1
Dodging        | 2 |  2.2
Stealth        | |  1.4

Action                   |  1- 3 |  4- 6 |  7- 9 || total
-------------------------+-------+-------+-------++-------
Melee: Unarmed           |    10 |       |       ||    10
       Club              |    49 |    56 |       ||   105
       Mace              |       |    59 |    63 ||   122
       Giant spiked club |       |       |   213 ||   213
 Cast: Flame Tongue      |    36 |   105 |    77 ||   218
       Throw Flame       |       |     5 |     4 ||     9
       Conjure Flame     |       |     1 |     5 ||     6
  Use: Scroll            |     6 |     6 |     5 ||    17
       Potion            |     1 |       |       ||     1
 Stab: Sleeping          |       |       |     1 ||     1
  Eat: Chunk             |       |     9 |     3 ||    12
       Fruit             |       |       |     2 ||     2
       Meat ration       |       |       |     2 ||     2
Armor: Robe              |    33 |    58 |   224 ||   315
Dodge: Dodged            |    57 |    79 |   291 ||   427
